 Dungeon Crawl Stone Soup version 0.27-a0-1217-g8a41f320e8 (webtiles) character file.

Game seed: 187861703815629622

627 Glokmah the Covert (level 7, 0/44 HPs)
             Began as a Kobold Delver on June 6, 2021.
             Was an Initiate of Makhleb.
             Slain by an orc warrior
             ... wielding a +0 dire flail
              (16 damage)
             ... on level 4 of the Dungeon.
             The game lasted 00:09:08 (5983 turns).

Glokmah the Covert (Kobold Delver)                  Turns: 5983, Time: 00:09:08

Health: 0/44       AC:  5    Str:  9    XL:     7   Next: 77%
Magic:  8/8        EV: 14    Int: 12    God:    Makhleb [......]
Gold:   181        SH:  0    Dex: 18    Spells: 6/6 levels left

rFire    . . .     SeeInvis .   b - +1 spear (venom)
rCold    . . .     Faith    .   (shield restricted)
rNeg     . . .     Spirit   .   t - +0 leather armour
rPois    .         Reflect  .   (no helmet)
rElec    .         Harm     .   (no cloak)
rCorr    .         Rampage  .   p - +1 pair of gloves
Will     .....                  (no boots)
Stlth    +++++.....             (no amulet)
HPRegen  0.14/turn              (no ring)
MPRegen  0.11/turn              (no ring)

@: no status effects
A: small, no large weapons, nightstalker 3
a: Renounce Religion


You were on level 4 of the Dungeon.
You worshipped Makhleb.
Makhleb was noncommittal.
You visited 1 branch of the dungeon, and saw 5 of its levels.

You collected 181 gold pieces.

Inventory:

Hand Weapons
 a - a +1 short sword
 b - a +1 spear of venom (weapon)
 h - a +0 hunting sling
 l - a +0 morningstar of holy wrath
Missiles
 j - 46 bolts
 k - 154 stones (quivered)
 s - a throwing net
 v - 4 javelins
Armour
 p - a +1 pair of gloves (worn)
 t - a +0 leather armour (worn)
Jewellery
 r - a ring of flight
Wands
 g - a wand of digging (1)
 i - a wand of flame (7)
 n - a wand of mindburst (9)
 q - a wand of iceblast (3)
Scrolls
 c - a scroll of fog
 d - a scroll of teleportation
 e - 2 scrolls of fear
 u - a scroll of enchant weapon
 y - 2 scrolls of blinking
 A - 2 scrolls of identify
 B - a scroll of magic mapping
Potions
 f - 3 potions of haste
 m - a potion of curing {unknown}
 o - 4 potions of flight
 w - a potion of ambrosia
 x - a potion of degeneration
 z - a potion of brilliance {unknown}
 C - 2 potions of invisibility {unknown}


   Skills:
 + Level 4.9 Fighting
 * Level 6.6 Short Blades
 - Level 2.4 Dodging
 * Level 9.4 Stealth
 * Level 1.5 Invocations
 + Level 1.9 Evocations


You had 6 spell levels left.
You didn't know any spells.
Your spell library contained the following spells:

 Spells                   Type           Power      Damage    Failure   Level
 Foxfire                  Conj/Fire      0%         2x1d4     43%         1
 Conjure Flame            Conj/Fire      0%         6-21      80%         3
 Inner Flame              Hex/Fire       0%         N/A       80%         3
 Sticky Flame             Conj/Fire      0%         2d3       99%         4
 Fireball                 Conj/Fire      0%         3d3       100%        5


Dungeon Overview and Level Annotations

Branches:
Dungeon (5/15)
 Temple: D:4-7

Altars:
Makhleb

Shops:
D:2 :   D:4 ?


Innate Abilities, Weirdness & Mutations

You are small and have problems with some larger weapons.
You are completely attuned to the shadows.


Message History

You climb downwards.
There is a stone staircase leading up here.
An orc and an orc wizard come into view.
Your +1 spear of venom stops dripping with poison.
a - a +1 short sword (weapon)
An orc warrior and an orc wizard come into view.
The helpless orc fails to defend itself.
You spit the orc like a pig!!!
You kill the orc!
Makhleb accepts your kill.
The orc warrior shouts!
The orc wizard shouts! x2
Things that are here:
a +0 whip; an orc corpse You hit the orc warrior but do no damage.
Your +1 spear of venom begins to drip with poison!
b - a +1 spear of venom (weapon)
You hit the orc warrior but do no damage.
The orc warrior is poisoned.
The orc warrior closely misses you. The orc warrior barely misses you.
You hit the orc warrior but do no damage.
The orc warrior hits you with a +0 dire flail!
The orc wizard mumbles some strange words.
The orc wizard flickers and vanishes!
Deactivating autopickup; reactivate with Ctrl-A.
The orc wizard gestures wildly while chanting.
The orc wizard flickers and vanishes!
The orc warrior looks more healthy.
A puff of flame appears from out of thin air!
The puff of flame misses you.
You closely miss the orc warrior.
The orc warrior is lightly wounded.
The orc warrior closely misses you.
You hit the orc warrior but do no damage.
The orc warrior is poisoned.
The orc warrior is lightly wounded.
The orc warrior hits you with a +0 dire flail!
You closely miss the orc warrior.
The orc warrior is lightly wounded.
The orc warrior hits you with a +0 dire flail!
You die...

### ..# #.# ######## ..#
#.<....##########
..#######.####.##.......#
................@o....#.#
..#######....#.##.......#
..# #......######.### ..#
#....#.# #.# ..# #......#
#)# ..# ###.#### #.# ..#
#.# #{. ..# ##'## ###.#
### ##...## #.#


You could see an orc warrior (very poisoned).

Vanquished Creatures
  An ogre (D:4)
  The ghost of Bapho the Gusty, an amateur TeAE (D:3)
  A scorpion (D:4)
  A water moccasin skeleton (D:4)
  A hound (D:4)
  Ijyb (D:4)
  Natasha (thrice) (D:2)
  An iguana (D:4)
  7 gnolls
  6 adders
  2 adder skeletons (D:4)
  4 dart slugs
  2 orcs (D:4)
  2 ball pythons
  6 endoplasms
  3 giant cockroaches
  6 goblins
  4 hobgoblins
  7 jackals
  5 quokkas
  6 bats
  3 frilled lizards
  4 kobolds
  2 rats
79 creatures vanquished.

Notes
Turn   | Place    | Note
-------+----------+-------------------------------------------
     0 | D:5      | Glokmah the Kobold Delver began the quest for the Orb.
     0 | D:5      | Reached XP level 1. HP: 14/14 MP: 1/1
    41 | D:5      | Reached XP level 2. HP: 19/19 MP: 2/2
   117 | D:4      | Reached skill level 7 in Stealth
   117 | D:4      | Reached XP level 3. HP: 23/23 MP: 3/3
   267 | D:4      | Found Mieps's Magic Scroll Shoppe.
   270 | D:4      | Noticed Ijyb
   350 | D:4      | Reached XP level 4. HP: 7/29 MP: 4/4
   688 | D:4      | Noticed a scorpion
   692 | D:4      | Killed a scorpion
   693 | D:4      | Reached skill level 8 in Stealth
   693 | D:4      | Reached XP level 5. HP: 33/33 MP: 5/5
   717 | D:4      | Reached skill level 5 in Short Blades
   956 | D:4      | Noticed an ogre
   958 | D:4      | Killed an ogre
   959 | D:4      | Reached XP level 6. HP: 39/39 MP: 6/6
   985 | D:4      | Killed Ijyb
  1272 | D:4      | Reached skill level 1 in Evocations
  1272 | D:4      | Reached XP level 7. HP: 39/44 MP: 7/7
  1670 | D:3      | Reached skill level 9 in Stealth
  1947 | D:3      | Found a burning altar of Makhleb.
  1952 | D:3      | Became a worshipper of Makhleb the Destroyer
  2203 | D:3      | Found a runed translucent gate.
  2204 | D:3      | Found a runed translucent gate.
  2206 | D:3      | Found a runed translucent gate.
  2206 | D:3      | Noticed Bapho's ghost (amateur TeAE)
  2238 | D:3      | Killed Bapho's ghost
  3387 | D:2      | Reached skill level 1 in Invocations
  3704 | D:2      | Found Nyrebb's Book Shoppe.
  3794 | D:2      | Noticed Natasha
  3799 | D:2      | Killed Natasha
  4074 | D:2      | Noticed Natasha
  4087 | D:2      | Killed Natasha
  4961 | D:2      | Noticed Natasha
  4970 | D:2      | Killed Natasha
  5344 | D:1      | Found a faded altar of an unknown god.
  5675 | D:1      | You fall into a shaft and drop 1 floor!
  5983 | D:4      | Slain by an orc warrior

Illustrated notes

Levels and vault maps discovered:
D:1:      heliophobic_arrival_henge, layout_basic,
          ebering_ecumenical_altar_mist, bh_walls_and_bars
D:2:      minmay_general_purpose_star, layout_rooms, serial_shops,
          nicolae_shop_window_shopping, serial_aquarium, aquarium_bridge_square
          [aquarium_subvault_balcony, aquarium_subvault_bridge,
          aquarium_subvault_window, aquarium_subvault_wall],
          aquarium_bridge_square [aquarium_subvault_balcony,
          aquarium_subvault_window, aquarium_subvault_wall,
          aquarium_subvault_bridge], aquarium_window_fake, aquarium_window_fake,
          aquarium_window_fake, aquarium_view_2d, aquarium_view_2e,
          aquarium_pool_S, minivault_4, uniq_natasha
D:3:      layout_basic, lightli_temple_of_fire, ebering_ghost_rock_garden,
          minmay_starry_boxes
D:4:      layout_loops_corners, serial_shops, nicolae_shop_waterfront, uniq_ijyb
D:5:      layout_gridville

Skill      XL: |  1  2  3  4  5  6  7 |
---------------+----------------------+-----
Short Blades   | 3 4 5 6 |  6.6
Stealth        | 7 8 9 |  9.4
Fighting       | 4 |  4.9
Evocations     | 1 |  1.9
Invocations    | 1 |  1.5
Dodging        | |  2.4

Action                   |  1- 3 |  4- 6 |  7- 9 || total
-------------------------+-------+-------+-------++-------
Melee: Short sword       |    23 |    44 |    41 ||   108
       Spear             |       |       |   109 ||   109
Evoke: Wand              |     4 |     3 |     5 ||    12
  Use: Scroll            |     2 |       |     8 ||    10
 Stab: Sleeping          |     3 |    12 |    19 ||    34
       Distracted        |       |     1 |     1 ||     2
Armor: Leather armour    |       |     5 |    19 ||    24
Dodge: Dodged            |    10 |    27 |    85 ||   122

Table legend: (Time is in decaauts)
 A = Elapsed time spent in this place.
 B = Non-inter-level travel time spent in this place.
 C = Inter-level travel time spent in this place.
 D = Time resting spent in this place.
 E = Time spent auto-exploring this place.
 F = Levels seen in this place.
 G = Mean time per level.
                   A        B        C        D        E       F      G
               +--------+--------+--------+--------+--------+-----+--------+
         Total |   5976 |   5183 |    793 |    511 |   3713 |   5 | 1195.2 |
       Dungeon |   5976 |   5183 |    793 |    511 |   3713 |   5 | 1195.2 |
               +--------+--------+--------+--------+--------+-----+--------+

Top non-repeatable levels by time:
     D:2: 1861 daAuts
     D:3: 1762 daAuts
     D:4: 1422 daAuts
     D:1: 822 daAuts
     D:5: 108 daAuts
